[Event "Titled Tuesday Blitz February 14 Late 2023"]
[White "Gomes, Luiz Alexandre de Souza"]
[Black "The_Sherman_Variation"]
[WhiteFideId "2102790"]
[WhiteElo "2254"]
[BlackElo "2511"]
[Result "1-0"]
[Round "04"]
[TimeControl "180+2"]
[Date "2023.02.14"]
[WhiteClock "0:01:49"]
[BlackClock "0:00:58"]

1. e4 c5 2. Nf3 e6 3. d4 cxd4 4. Nxd4 Nf6 5. Nc3 Nc6 6. Nxc6 bxc6 7. Bd3 d5 8. O-O Be7 9. Qf3 O-O 10. Re1 d4 11. Ne2 e5 12. h3 h6 13. Ng3 Nh7 14. Nf5 Ng5 15. Qg3 Bxf5 16. exf5 f6 17. Bxg5 hxg5 18. Bc4+ Rf7 19. Qf3 Qc7 20. c3 Bc5 21. cxd4 Bxd4 22. Rac1 c5 23. Qxa8+ Kh7 24. Bxf7 Qxf7 25. b3 Qc7 26. Qd5 Qa5 27. Re2 Qa3 28. Rcc2 Qa6 29. g3 Qd3 30. Kg2 a5 31. Red2 Qxf5 32. Rxc5 g4 33. hxg4 Qxg4 34. Rc4 Qg5 35. Rcxd4 1-0


[Site "https://www.chess.com"]

[Event "Titled Tuesday Blitz February 14 Late 2023"]
[White "Fernandez Siles, Luis"]
[Black "Urbina Perez, Juan Antonio"]
[WhiteFideId "2209420"]
[BlackFideId "2217368"]
[WhiteElo "2218"]
[BlackElo "2266"]
[Result "0-1"]
[Round "04"]
[TimeControl "180+2"]
[Date "2023.02.14"]
[WhiteClock "0:00:06"]
[BlackClock "0:00:37"]

1. d4 d5 2. c4 c6 3. Nc3 Nf6 4. cxd5 cxd5 5. Bf4 Nc6 6. e3 a6 7. Bd3 Bg4 8. Nge2 Bxe2 9. Qxe2 e6 10. O-O Bd6 11. Bg5 h6 12. Bh4 O-O 13. Rfc1 Be7 14. f3 Rc8 15. Na4 e5 16. Bf5 Ra8 17. dxe5 Nxe5 18. Nc5 Ng6 19. Bxf6 Bxf6 20. Nd7 Re8 21. Nxf6+ Qxf6 22. Bxg6 Qxg6 23. Qd2 Rad8 24. Rc7 Qb6 25. Rac1 Rxe3 26. Kh1 Rde8 27. h4 Qf6 28. Qf2 Qf4 29. Rc8 Rxc8 30. Rxc8+ Kh7 31. Rc3 Rxc3 32. bxc3 Qc1+ 33. Kh2 Qxc3 34. Qb6 Qe5+ 35. g3 Qe2+ 36. Kg1 Qxf3 0-1


[Site "https://www.chess.com"]

[Event "Titled Tuesday Blitz February 14 Late 2023"]
[White "Reprintsev, Alexander"]
[Black "Toktomushev, Teimur"]
[WhiteFideId "14100541"]
[BlackFideId "14176726"]
[WhiteElo "2253"]
[BlackElo "2239"]
[Result "1-0"]
[Round "04"]
[TimeControl "180+2"]
[Date "2023.02.14"]
[WhiteClock "0:00:16"]
[BlackClock "0:00:07"]

1. e4 c5 2. b3 e6 3. Bb2 b6 4. d4 cxd4 5. Qxd4 Bb7 6. Nc3 Nc6 7. Qd2 Nf6 8. O-O-O Be7 9. f4 d6 10. Nf3 O-O 11. g4 a6 12. g5 Nd7 13. h4 b5 14. Bh3 Nc5 15. Qe3 Qa5 16. Kb1 Rfc8 17. f5 exf5 18. Bxf5 Re8 19. Nd5 Bf8 20. h5 Nb4 21. Nxb4 Bxe4 22. Bxe4 Rxe4 23. Nc6 Rxe3 24. Nxa5 Rxf3 25. h6 Re8 26. hxg7 Bxg7 27. Bxg7 Kxg7 28. Rxd6 Re2 29. Nc6 Ne4 30. Nd4 Nxd6 31. Nxe2 Ne4 32. Nd4 Rg3 33. Nf5+ Kg6 34. Nxg3 Nxg3 35. Rh6+ Kg7 36. Rxa6 Ne4 37. Rb6 Nxg5 38. Rxb5 Kg6 39. Rb8 h5 40. Rg8+ Kh6 41. Rh8+ Nh7 42. Re8 h4 43. Re1 h3 44. a4 Ng5 45. a5 h2 46. Rh1 Nf3 47. a6 Kh5 48. a7 Kh4 49. a8=Q Kg3 50. Qxf3+ Kxf3 51. Rxh2 f5 52. b4 Ke4 1-0


[Site "https://www.chess.com"]

[Event "Titled Tuesday Blitz February 14 Late 2023"]
[White "Szente Varga, Fruzsina"]
[Black "Bas Mas, Jose Joaquin"]
[WhiteFideId "712264"]
[BlackFideId "22219064"]
[WhiteElo "2075"]
[BlackElo "2197"]
[Result "1-0"]
[Round "04"]
[TimeControl "180+2"]
[Date "2023.02.14"]
[WhiteClock "0:00:18"]
[BlackClock "0:00:15"]

1. e4 e6 2. d4 d5 3. Nc3 Nf6 4. e5 Nfd7 5. f4 c5 6. Nf3 Nc6 7. Bb5 Qb6 8. Bxc6 bxc6 9. Na4 Qa5+ 10. c3 Ba6 11. Bd2 cxd4 12. cxd4 Bb4 13. Nc3 O-O 14. a3 Be7 15. b4 Qc7 16. Rc1 Bc4 17. Kf2 f6 18. Re1 fxe5 19. fxe5 a5 20. Kg1 axb4 21. axb4 Rf7 22. Ng5 Bxg5 23. Bxg5 h6 24. Be3 Qb7 25. Rb1 Raf8 26. Qg4 Rf5 27. Bxh6 R8f7 28. h3 Nf8 29. Be3 Nd7 30. Na4 Qa7 31. Nc5 Nxc5 32. bxc5 Rf8 33. Rb6 Bb5 34. Qg6 Qe7 35. Ra1 Rf1+ 36. Rxf1 Rxf1+ 37. Kh2 Rf8 38. Bg5 Qf7 39. Qxf7+ Rxf7 40. Rb8+ Kh7 41. Re8 Rf5 42. h4 Bd3 43. Rxe6 Be4 44. Kg3 Rf1 45. Be3 Re1 46. Bf2 Rd1 47. Rxc6 Rd3+ 48. Kh2 Rd2 49. Kg3 Rd3+ 50. Kf4 Rd2 51. Be3 Rxg2 52. Rc7 Kg6 53. Re7 Kh5 54. Bc1 Rf2+ 55. Kg3 Rf3+ 56. Kh2 Kxh4 57. Rxg7 Rd3 58. Bg5+ Kg4 59. Bf6+ Kf3 60. Rg3+ Ke2 61. Rxd3 Kxd3 62. c6 Bf5 63. c7 Be6 64. Kg3 Kxd4 65. Kf4 Kc5 66. Be7+ Kc6 67. Bd6 Kd7 68. Ke3 Bf5 69. Kd4 Be6 70. Kc5 Bf7 71. Kb6 Kc8 72. Kc6 Be6 73. Kc5 Bf7 74. Kc6 Be6 75. Be7 Bg8 76. Bc5 Bf7 77. Kd6 Bg8 78. Bb6 Bf7 79. e6 Bxe6 80. Kxe6 d4 81. Kd6 d3 82. Be3 1-0


[Site "https://www.chess.com"]

[Event "Titled Tuesday Blitz February 14 Late 2023"]
[White "Donskov, Anatoly"]
[Black "Nunez V, Gustavo Eduardo"]
[WhiteFideId "24143413"]
[BlackFideId "4403690"]
[WhiteElo "2279"]
[BlackElo "2212"]
[Result "0-1"]
[Round "04"]
[TimeControl "180+2"]
[Date "2023.02.14"]
[WhiteClock "0:00:01"]
[BlackClock "0:00:20"]

1. e4 c5 2. Nf3 Nc6 3. Bb5 g6 4. Bxc6 bxc6 5. d3 Bg7 6. O-O d6 7. Re1 e5 8. h3 Ne7 9. Nbd2 O-O 10. Nc4 h6 11. Nh2 Kh7 12. c3 Be6 13. f4 f6 14. Qf3 Qd7 15. Be3 d5 16. Na3 d4 17. Bd2 Rab8 18. b3 f5 19. fxe5 fxe4 20. Qxe4 Bd5 21. Qe2 Nf5 22. Nc4 Rbe8 23. Nf3 Ng3 24. Qf2 Nh5 25. Nd6 Bxf3 26. Nxe8 Qxe8 27. gxf3 Qe6 28. Qg2 Qf5 29. e6 dxc3 30. e7 Re8 31. Be3 Qxd3 32. Bxc5 c2 33. Rac1 Nf4 34. Qg4 Ne2+ 35. Rxe2 Qxe2 36. Qe4 Qd1+ 37. Qe1 Bd4+ 38. Kg2 Qxe1 39. Rxe1 Bxc5 40. Rc1 Rxe7 41. Rxc2 Re5 42. f4 Rf5 43. Kf3 Kg7 44. Ke4 Kf6 45. b4 Bxb4 46. Rxc6+ Kf7 47. Rc7+ Be7 48. Rxa7 Rb5 49. a4 Rb4+ 50. Kf3 h5 51. a5 Rb3+ 52. Kg2 Kf6 53. a6 Ra3 54. Ra8 Kf5 55. Re8 Bf6 56. Ra8 Kxf4 57. a7 Kf5 58. Kh2 h4 59. Kg2 g5 60. Kf2 Bd4+ 61. Kg2 Bf6 62. Kf2 Bd4+ 63. Kg2 Rxa7 64. Rf8+ Bf6 65. Kf3 Ra3+ 66. Kg2 Ra2+ 67. Kf3 Ra7 68. Kg2 Ra6 69. Kf3 Ke5 70. Kg4 Be7 71. Re8 Kd6 0-1


[Site "https://www.chess.com"]

[Event "Titled Tuesday Blitz February 14 Late 2023"]
[White "Liu, Casper"]
[Black "Strahov, Andrej"]
[WhiteFideId "1454153"]
[BlackFideId "4165489"]
[WhiteElo "2278"]
[BlackElo "2398"]
[Result "0-1"]
[Round "04"]
[TimeControl "180+2"]
[Date "2023.02.14"]
[WhiteClock "0:00:06"]
[BlackClock "0:00:38"]

1. d4 Nf6 2. Nf3 d5 3. Bf4 c5 4. e3 Qb6 5. Nbd2 Bf5 6. dxc5 Qxc5 7. Nd4 Bd7 8. N2b3 Qc8 9. c4 e6 10. Qd2 Nc6 11. a3 Be7 12. Rc1 O-O 13. c5 Ne4 14. Qc2 Bh4 15. Bg3 Bf6 16. Nb5 e5 17. Bd3 Bf5 18. f3 Nxg3 19. hxg3 Bxd3 20. Qxd3 e4 21. fxe4 Ne5 22. Qxd5 Qg4 23. Kf2 Rad8 24. Nd6 b6 25. Nd2 bxc5 26. Rxc5 Qg5 27. Nf3 Ng4+ 28. Kf1 Nxe3+ 29. Kg1 Nxd5 30. Nxg5 Bd4+ 31. Kh2 Bxc5 32. Ndxf7 Rxf7 33. Nxf7 Kxf7 34. exd5 Rxd5 35. Rc1 Rh5# 0-1


[Site "https://www.chess.com"]

[Event "Titled Tuesday Blitz February 14 Late 2023"]
[White "Ramirez Allo, Eduardo"]
[Black "Benmesbah, Natacha"]
[WhiteFideId "2224178"]
[BlackFideId "642002"]
[WhiteElo "2274"]
[BlackElo "2261"]
[Result "0-1"]
[Round "04"]
[TimeControl "180+2"]
[Date "2023.02.14"]
[WhiteClock "0:00:06"]
[BlackClock "0:00:14"]

1. Nf3 c5 2. g3 d5 3. Bg2 Nc6 4. d4 cxd4 5. Nxd4 Nf6 6. O-O e5 7. Nxc6 bxc6 8. c4 Be6 9. Nc3 Be7 10. Qa4 O-O 11. Rd1 d4 12. Bg5 Qc7 13. Ne4 Nxe4 14. Bxe7 Nxf2 15. Bxf8 Nxd1 16. Bxg7 Nxb2 17. Qc2 Kxg7 18. Qxb2 Rb8 19. Qd2 f6 20. Rc1 Qb6 21. Kf1 c5 22. Qd3 Qb2 23. Rc2 Qb1+ 24. Kf2 Rb2 25. Rxb2 Qxb2 26. a3 Qc3 27. Qe4 Qxc4 28. Qb7+ Bf7 29. h4 Qb3 30. Qxa7 Qe3+ 31. Kf1 d3 32. Bd5 Qxe2+ 33. Kg1 Qh5 34. Bxf7 Qxf7 35. Qxc5 Qd7 36. Qc1 d2 37. Qd1 Qd4+ 38. Kf1 Qd3+ 39. Kf2 Qd4+ 40. Ke2 f5 41. Qxd2 Qc4+ 42. Qd3 Qa2+ 43. Kf1 Qa1+ 44. Kg2 Qb2+ 45. Kh3 Qb8 46. Qxf5 Qa8 47. Qxe5+ Kg6 48. h5+ Kf7 49. Qf5+ Kg7 50. Qg5+ Kf7 51. Qf5+ Kg7 52. Qg4+ Kf7 53. Qf3+ Qxf3 0-1


[Site "https://www.chess.com"]

[Event "Titled Tuesday Blitz February 14 Late 2023"]
[White "Itkis, Boris"]
[Black "benny_aizenberg"]
[WhiteFideId "1209167"]
[WhiteElo "2329"]
[BlackElo "2558"]
[Result "0-1"]
[Round "04"]
[TimeControl "180+2"]
[Date "2023.02.14"]
[WhiteClock "0:00:17"]
[BlackClock "0:01:26"]

1. c4 d6 2. d4 g6 3. Nf3 Bg7 4. g3 Nc6 5. d5 Ne5 6. Nxe5 dxe5 7. Bg2 Nf6 8. O-O O-O 9. Nc3 e6 10. e4 exd5 11. exd5 Ne8 12. Re1 f5 13. b3 e4 14. Bb2 b6 15. Qc2 Nd6 16. Rad1 Bd7 17. f3 exf3 18. Bxf3 Qg5 19. Qd2 f4 20. Kh1 Bg4 21. Rf1 Bxf3+ 22. Rxf3 Qh5 23. Re1 Qxf3+ 0-1


[Site "https://www.chess.com"]

[Event "Titled Tuesday Blitz February 14 Late 2023"]
[White "Vaglio Munoz, Jaime"]
[Black "Ehlvest, Jaan"]
[WhiteFideId "6500145"]
[BlackFideId "4500016"]
[WhiteElo "2174"]
[BlackElo "2530"]
[Result "0-1"]
[Round "04"]
[TimeControl "180+2"]
[Date "2023.02.14"]
[WhiteClock "0:00:11"]
[BlackClock "0:00:12"]

1. d4 Nf6 2. g3 c5 3. d5 e6 4. dxe6 fxe6 5. c4 d5 6. Bg2 Nc6 7. Nf3 d4 8. O-O Be7 9. Bf4 O-O 10. Ne5 Nxe5 11. Bxe5 Ng4 12. Bf4 Rxf4 13. gxf4 Bd6 14. e3 Qh4 15. h3 Nh6 16. Nd2 e5 17. Nf3 Qf6 18. fxe5 Bxe5 19. Nxe5 Qxe5 20. Qf3 Be6 21. exd4 Qxd4 22. Rfe1 Bxc4 23. b3 Bf7 24. Rad1 Qh4 25. Rd7 Rf8 26. Ree7 b5 27. Qg3 Qxg3 28. fxg3 Nf5 29. Re5 Nxg3 30. Rxc5 a6 31. Rg5 Ne2+ 32. Kf2 Be6+ 33. Kxe2 Bxd7 34. Bd5+ Kh8 35. Ke3 Bxh3 36. Kd4 h6 37. Rg3 Bc8 38. Kc5 g5 39. Bf3 Kg7 40. Bh5 Rf4 41. Kc6 Rh4 42. Be2 Rh3 43. Rg2 Rc3+ 44. Kb6 Rc2 45. Ka5 Rxa2+ 46. Kb4 Bg4 47. Rxg4 Rxe2 48. Rd4 h5 49. Rd5 Kf6 50. Rd6+ Kf5 51. Rxa6 h4 52. Rh6 Kg4 53. Kxb5 h3 54. b4 h2 55. Kc4 Kg3 56. Kd3 Rb2 57. Kc3 Rb1 58. Rd6 h1=Q 59. Rd3+ Kh4 60. Rd4+ g4 61. Rd8 Qf3+ 62. Kc4 Qb3+ 63. Kd4 Qxb4+ 64. Ke5 Qe7+ 65. Kf5 Qxd8 66. Kg6 Qd6+ 67. Kf5 Rb5+ 68. Ke4 Qb4+ 69. Kd3 Qa3+ 70. Kc4 Qa4+ 71. Kd3 Rb3+ 72. Ke2 Qa2+ 73. Kf1 Rb1# 0-1


[Site "https://www.chess.com"]

[Event "Titled Tuesday Blitz February 14 Late 2023"]
[White "ArchibaldCerveza29"]
[Black "Stachanczyk, Jacek"]
[BlackFideId "1116657"]
[WhiteElo "2469"]
[BlackElo "2147"]
[Result "1-0"]
[Round "04"]
[TimeControl "180+2"]
[Date "2023.02.14"]
[WhiteClock "0:00:11"]
[BlackClock "0:00:13"]

1. e4 c5 2. Nf3 d6 3. d4 cxd4 4. Nxd4 Nf6 5. Nc3 g6 6. Be3 Bg7 7. f3 O-O 8. Qd2 Nc6 9. O-O-O d5 10. Nxc6 bxc6 11. Qe1 e5 12. Bc5 Re8 13. Bc4 d4 14. Na4 Qc7 15. c3 Nd7 16. cxd4 Nxc5 17. dxc5 Rb8 18. Qc3 h5 19. Rd3 Be6 20. Bxe6 Rxe6 21. Rhd1 Re7 22. b3 Kh7 23. Nb2 Rb5 24. Rd8 a5 25. Kc2 Qa7 26. Na4 Rb4 27. R1d6 Qa6 28. Rd2 Qa7 29. g4 hxg4 30. fxg4 Bh6 31. Rf2 Bf4 32. h4 Bh6 33. g5 Bg7 34. h5 gxh5 35. Qf3 Re6 36. Qxh5+ 1-0


[Site "https://www.chess.com"]

[Event "Titled Tuesday Blitz February 14 Late 2023"]
[White "Rios Escobar, Adan"]
[Black "Bochnicka, Vladimir"]
[WhiteFideId "3403645"]
[BlackFideId "14943450"]
[WhiteElo "2234"]
[BlackElo "2327"]
[Result "1-0"]
[Round "04"]
[TimeControl "180+2"]
[Date "2023.02.14"]
[WhiteClock "0:00:14"]
[BlackClock "0:00:11"]

1. d4 Nf6 2. g3 g6 3. Bg2 Bg7 4. e4 d6 5. Ne2 O-O 6. O-O Nbd7 7. Nbc3 e5 8. h3 c6 9. a4 Qe7 10. Be3 Rd8 11. g4 Nf8 12. Qd2 Ne6 13. d5 cxd5 14. exd5 Nf8 15. Ng3 h5 16. g5 Ne8 17. Nce4 Kh7 18. c4 b6 19. b4 Nd7 20. Rac1 f5 21. gxf6 Ndxf6 22. Bg5 Bf5 23. Qe3 Qf8 24. Nxf5 gxf5 25. Ng3 Kg6 26. Bh4 Bh6 27. Qe2 Rd7 28. Rc3 Ng7 29. Rd1 Kh7 30. Qc2 e4 31. f3 Re8 32. fxe4 f4 33. e5+ Kh8 34. exf6 fxg3 35. fxg7+ Qxg7 36. Rxg3 Qf7 37. Rf1 Bf4 38. Qb2+ Be5 39. Rxf7 Bxb2 40. Rxd7 Re1+ 41. Bf1 Bd4+ 42. Kg2 Rb1 43. Rd3 Rb2+ 44. Kf3 Be5 45. Be2 Rb1 46. Bg3 Bf6 47. Bxd6 Rg1 48. Bg3 h4 49. Bf2 Rh1 50. Ke4 Rc1 51. Rf3 Rxc4+ 52. Bxc4 Bg7 53. Bd4 Bxd4 54. Kxd4 Kg8 55. Re3 b5 56. Re8# 1-0


[Site "https://www.chess.com"]

[Event "Titled Tuesday Blitz February 14 Late 2023"]
[White "Kavutskiy, Konstantin"]
[Black "Chabris, Christopher"]
[WhiteFideId "2026384"]
[BlackFideId "2005263"]
[WhiteElo "2414"]
[BlackElo "2053"]
[Result "1-0"]
[Round "04"]
[TimeControl "180+2"]
[Date "2023.02.14"]
[WhiteClock "0:00:20"]
[BlackClock "0:00:05"]

1. d4 Nf6 2. Bg5 e6 3. Nd2 h6 4. Bh4 d5 5. e3 c5 6. c3 Nc6 7. Bd3 Be7 8. Ngf3 Qb6 9. Rb1 Bd7 10. O-O O-O 11. Ne5 Be8 12. f4 cxd4 13. exd4 Nd7 14. Bxe7 Nxe7 15. Ndf3 f5 16. Nxd7 Bxd7 17. Re1 Nc8 18. Ne5 Be8 19. Re3 Nd6 20. Rg3 Ne4 21. Bxe4 dxe4 22. Qe1 Rc8 23. Kh1 Qa6 24. a3 Qa4 25. Qf2 Kh7 26. Re1 Rg8 27. Rh3 Qb3 28. g4 fxg4 29. Nxg4 e3 30. Nxe3 Bc6+ 31. Kg1 g5 32. f5 Rcf8 33. Ng4 exf5 34. Rxh6+ Kg7 35. Re7+ Rf7 36. Rxf7+ Qxf7 37. Ne5 Qd5 38. Rg6+ Kh7 39. Rxc6 bxc6 40. Qxf5+ Kh6 41. Ng4+ Kg7 42. Qf6+ Kh7 43. Qh6# 1-0


[Site "https://www.chess.com"]

[Event "Titled Tuesday Blitz February 14 Late 2023"]
[White "Slavin, Alexey"]
[Black "Taboas Rodriguez, Daniel"]
[WhiteFideId "24104388"]
[BlackFideId "2208466"]
[WhiteElo "2364"]
[BlackElo "2371"]
[Result "0-1"]
[Round "04"]
[TimeControl "180+2"]
[Date "2023.02.14"]
[WhiteClock "0:00:04"]
[BlackClock "0:01:15"]

1. e4 e5 2. Nf3 Nc6 3. c3 Nf6 4. d4 d5 5. Bb5 Nxe4 6. Nxe5 Bd7 7. Nxd7 Qxd7 8. O-O Be7 9. Nd2 Nxd2 10. Bxd2 O-O 11. Qf3 a6 12. Bd3 Rae8 13. Rae1 Bd6 14. Qh5 g6 15. Qh4 Rxe1 16. Rxe1 Re8 17. Rxe8+ Qxe8 18. g3 Qe7 19. Qg4 Qe6 20. Qe2 Qxe2 21. Bxe2 Ne7 22. Bd3 f5 23. Kg2 Kf7 24. h3 Ke6 25. f4 Ng8 26. g4 Nf6 27. gxf5+ gxf5 28. c4 Ne4 29. cxd5+ Kxd5 30. Be3 Be7 31. Kf3 Bf6 32. Bc2 Bxd4 33. Bb3+ Kc5 34. Be6 Bxe3 35. Bxf5 Nd6 36. Bxh7 Bd4 37. b3 Kd5 38. Kg4 Ke6 39. Bd3 Kf6 40. h4 Nf7 41. h5 a5 42. a4 b6 43. Be4 Bb2 44. Bd3 Bc1 45. Be4 Nh6+ 46. Kf3 Nf5 47. Bd3 Nd4+ 48. Ke4 Nxb3 49. h6 Kg6 50. Kd5+ Kxh6 51. f5 Nc5 52. Kc6 Nxd3 53. Kxc7 Be3 54. Kc6 Kg5 55. Kb5 Kxf5 56. Kc4 Nb2+ 0-1


[Site "https://www.chess.com"]

[Event "Titled Tuesday Blitz February 14 Late 2023"]
[White "reevecanada"]
[Black "Rose, Felix"]
[BlackFideId "5105722"]
[WhiteElo "2466"]
[BlackElo "2091"]
[Result "1-0"]
[Round "04"]
[TimeControl "180+2"]
[Date "2023.02.14"]
[WhiteClock "0:01:05"]
[BlackClock "0:00:03"]

1. e4 e5 2. Nf3 Nc6 3. d4 exd4 4. Nxd4 Nf6 5. Nxc6 bxc6 6. e5 Qe7 7. Qe2 Nd5 8. h4 f6 9. c4 Ba6 10. Qe4 Nb6 11. f4 fxe5 12. fxe5 O-O-O 13. Bg5 Qb4+ 14. Nd2 Re8 15. O-O-O d5 16. Qf5+ Kb7 17. cxd5 cxd5 18. Bxa6+ Kxa6 19. Nb3 Qa4 20. Kb1 Qe4+ 21. Qxe4 dxe4 22. Bf4 h6 23. Rc1 Kb7 24. e6 Bd6 25. Nc5+ Bxc5 26. Rxc5 Rxe6 27. Rxc7+ Ka6 28. Rxg7 h5 29. Rd1 e3 30. Re1 e2 31. Rg3 Rd8 32. Kc2 Nc4 33. Rc3 1-0


[Site "https://www.chess.com"]

[Event "Titled Tuesday Blitz February 14 Late 2023"]
[White "Bulgurlu, Okan"]
[Black "Buchenau, Frank"]
[WhiteFideId "6352316"]
[BlackFideId "4604350"]
[WhiteElo "1908"]
[BlackElo "2222"]
[Result "0-1"]
[Round "04"]
[TimeControl "180+2"]
[Date "2023.02.14"]
[WhiteClock "0:00:17"]
[BlackClock "0:01:02"]

1. e4 e6 2. Nf3 d5 3. d3 c5 4. Be2 Nc6 5. O-O Bd6 6. exd5 exd5 7. d4 c4 8. Nc3 Nge7 9. Re1 a6 10. Bg5 f6 11. Bh4 O-O 12. Bg3 Bb4 13. Rb1 Nf5 14. a3 Bxc3 15. bxc3 b5 16. Nh4 Nxg3 17. hxg3 Re8 18. Bf3 Rxe1+ 19. Qxe1 g5 20. Bxd5+ Qxd5 21. Qe8+ Kg7 22. Nf5+ Qxf5 23. Qxc6 Ra7 24. Re1 Qd7 25. Qb6 Qc7 26. Qxc7+ Rxc7 0-1


[Site "https://www.chess.com"]

[Event "Titled Tuesday Blitz February 14 Late 2023"]
[White "dodoucb"]
[Black "Smith, Garrett L"]
[BlackFideId "2024829"]
[WhiteElo "2458"]
[BlackElo "2047"]
[Result "0-1"]
[Round "04"]
[TimeControl "180+2"]
[Date "2023.02.14"]
[WhiteClock "0:00:17"]
[BlackClock "0:00:56"]

1. Nf3 c5 2. d3 g6 3. g3 Bg7 4. Bg2 Nc6 5. O-O e5 6. c4 Nge7 7. Nc3 O-O 8. a3 d6 9. Rb1 a5 10. Nd5 Nxd5 11. cxd5 Ne7 12. Ne1 b5 13. e4 f5 14. f4 Kh8 15. Nf3 c4 16. fxe5 cxd3 17. exd6 Qxd6 18. Qxd3 fxe4 19. Qxe4 Bf5 20. Qf4 Qxf4 21. Bxf4 Bxb1 22. Rxb1 Nxd5 23. Bg5 h6 24. Bd2 Rfd8 25. Nh4 Ne7 26. Be3 Rac8 27. Bb6 Bd4+ 28. Bxd4+ Rxd4 0-1


[Site "https://www.chess.com"]

[Event "Titled Tuesday Blitz February 14 Late 2023"]
[White "Djabri,Massinas"]
[Black "Le Goff, Ronan"]
[WhiteFideId "7905726"]
[BlackFideId "612073"]
[WhiteElo "2231"]
[BlackElo "2320"]
[Result "0-1"]
[Round "04"]
[TimeControl "180+2"]
[Date "2023.02.14"]
[WhiteClock "0:00:16"]
[BlackClock "0:01:02"]

1. d4 Nf6 2. c4 e6 3. Nf3 Bb4+ 4. Bd2 Bxd2+ 5. Qxd2 O-O 6. Nc3 d5 7. e3 c5 8. cxd5 Nxd5 9. dxc5 Nc6 10. Bc4 Nxc3 11. Qxc3 a5 12. O-O Qe7 13. Be2 e5 14. Bb5 f6 15. Rfd1 Be6 16. Bxc6 bxc6 17. e4 Rfb8 18. Rd6 Rb4 19. Nd2 Rab8 20. b3 a4 21. bxa4 Bf7 22. Rxc6 Rxa4 23. Rb6 Rc8 24. Nb3 Rc4 25. Qe3 h6 26. h3 Qd7 27. a4 Rxa4 28. Rxa4 Qxa4 29. c6 Rxc6 30. Rxc6 Qxc6 31. Nc5 Kh7 32. Kh2 Bg6 33. g4 Qb5 34. h4 Qf1 35. h5 Bf7 36. Nd3 Bc4 37. Ne1 Be2 38. f3 Qxe1 0-1


[Site "https://www.chess.com"]

[Event "Titled Tuesday Blitz February 14 Late 2023"]
[White "Rangel, Daniel"]
[Black "De Souza, Cristiano Gomes"]
[WhiteFideId "2124475"]
[BlackFideId "2151758"]
[WhiteElo "2207"]
[BlackElo "2018"]
[Result "1-0"]
[Round "04"]
[TimeControl "180+2"]
[Date "2023.02.14"]
[WhiteClock "0:00:02"]
[BlackClock "0:00:01"]

1. c4 Nf6 2. g3 g6 3. Bg2 Bg7 4. Nc3 d6 5. e3 O-O 6. Nge2 c5 7. O-O Nc6 8. a3 a6 9. Rb1 Nd7 10. b4 cxb4 11. axb4 Nce5 12. d3 Rb8 13. b5 axb5 14. Nxb5 b6 15. Nbd4 Bb7 16. f4 Ng4 17. Nc6 Bxc6 18. Bxc6 Qc7 19. Bg2 e5 20. Nc3 Ngf6 21. Nb5 Qd8 22. Nxd6 exf4 23. Ne4 Nxe4 24. Bxe4 fxg3 25. hxg3 Qg5 26. Qf3 Nc5 27. Bd5 Nxd3 28. Ba3 Ne5 29. Qf4 Qh5 30. Rb2 Ng4 31. Rg2 Be5 32. Qf3 Kg7 33. Bxf8+ Rxf8 34. Qe4 f5 35. Qf3 Rd8 36. Qe2 Qg5 37. Rf3 Re8 38. Qa2 Nxe3 39. Qa7+ Re7 40. Qa3 Nxg2 41. Kxg2 Qf6 42. Qb3 Bd6 43. Qd3 Bc5 44. Rf1 Re3 45. Qc2 Qe5 46. Bf3 Rc3 47. Qa2 Qd4 48. Qa7+ Kf6 49. Qb8 Rc2+ 50. Kh3 Qd6 51. Qh8+ Kg5 52. Qxh7 Kf6 53. Qh8+ 1-0


[Site "https://www.chess.com"]

[Event "Titled Tuesday Blitz February 14 Late 2023"]
[White "Davidson, Kevin"]
[Black "Torres Dominguez, David"]
[WhiteFideId "2056810"]
[BlackFideId "2220857"]
[WhiteElo "2154"]
[BlackElo "1994"]
[Result "0-1"]
[Round "04"]
[TimeControl "180+2"]
[Date "2023.02.14"]
[WhiteClock "0:00:20"]
[BlackClock "0:00:55"]

1. e4 Nc6 2. Nf3 e5 3. Bb5 Nge7 4. d4 exd4 5. Nxd4 g6 6. Nxc6 Nxc6 7. Bxc6 bxc6 8. Qd4 f6 9. b3 Bg7 10. Bb2 Qe7 11. Nd2 d6 12. O-O-O Be6 13. h4 h6 14. h5 g5 15. f3 O-O 16. g4 c5 17. Qd3 Qf7 18. c4 a5 19. a4 Rfb8 20. Bc3 Rxb3 21. Nxb3 Bxc4 22. Qe3 Bxb3 23. Rd2 Bxa4 24. Rb2 Bb3 25. Bxa5 Rxa5 26. Qxb3 Ra1+ 27. Rb1 Qxb3 0-1


[Site "https://www.chess.com"]

[Event "Titled Tuesday Blitz February 14 Late 2023"]
[White "Tarnowska, Aleksandra"]
[Black "Fernandez Garcia, Gumersindo"]
[WhiteFideId "1180967"]
[BlackFideId "24516740"]
[WhiteElo "1835"]
[BlackElo "2160"]
[Result "0-1"]
[Round "04"]
[TimeControl "180+2"]
[Date "2023.02.14"]
[WhiteClock "0:00:02"]
[BlackClock "0:01:38"]

1. e4 c5 2. Nf3 g6 3. c3 Bg7 4. d4 cxd4 5. cxd4 d5 6. e5 Nc6 7. Nc3 Nh6 8. Bb5 O-O 9. O-O Bg4 10. Be3 Nf5 11. Bxc6 bxc6 12. h3 Bxf3 13. Qxf3 f6 14. exf6 Bxf6 15. Qg4 Qb6 16. Na4 Qb4 17. Nc5 Nxd4 18. Nd7 Nc2 19. Qe6+ Kg7 20. Nxf8 Rxf8 21. Rac1 Qxb2 22. Bc5 Rf7 23. Rfd1 Qxa2 24. Rf1 d4 25. Qc8 d3 26. Be3 Nxe3 27. fxe3 Qe2 28. Rf2 Qxe3 29. Rf1 d2 30. Qxc6 Bd4 0-1


[Site "https://www.chess.com"]

[Event "Titled Tuesday Blitz February 14 Late 2023"]
[White "Martic, Ivan"]
[Black "Romero Ruscalleda, Josep"]
[WhiteFideId "929301"]
[BlackFideId "2231859"]
[WhiteElo "2301"]
[BlackElo "2160"]
[Result "0-1"]
[Round "04"]
[TimeControl "180+2"]
[Date "2023.02.14"]
[WhiteClock "0:01:30"]
[BlackClock "0:01:24"]

1. e4 g6 2. d4 Bg7 3. Nc3 d6 4. Be3 a6 5. h4 h6 6. Qd2 b5 7. f4 Nf6 8. Nf3 b4 9. Nd5 Nxe4 10. Qd3 Ng3 11. Rh2 Bf5 12. Qc4 c6 13. Nxb4 Qb6 14. O-O-O Nxf1 15. Rxf1 a5 16. Nd3 Nd7 17. h5 Nf6 18. hxg6 fxg6 19. Nh4 d5 20. Qc5 Qxc5 21. Nxc5 Ng4 22. Rh3 Nxe3 23. Rxe3 Bxd4 24. Nxf5 gxf5 25. Rfe1 Bxc5 26. a3 Bxe3+ 0-1


[Site "https://www.chess.com"]

[Event "Titled Tuesday Blitz February 14 Late 2023"]
[White "Papayan, Oleg"]
[Black "Lopez Perdomo, Juan David"]
[WhiteFideId "4193911"]
[BlackFideId "4405137"]
[WhiteElo "2253"]
[BlackElo "2029"]
[Result "1/2-1/2"]
[Round "04"]
[TimeControl "180+2"]
[Date "2023.02.14"]
[WhiteClock "0:00:11"]
[BlackClock "0:01:09"]

1. e4 e6 2. d4 d5 3. Nc3 Bb4 4. e5 c5 5. a3 Ba5 6. b4 cxd4 7. Qg4 Ne7 8. Nb5 Bc7 9. f4 O-O 10. Nxd4 Nbc6 11. Ngf3 f5 12. Qg3 Bb6 13. c3 Qc7 14. Bd2 Bd7 15. Bd3 a6 16. O-O Nxd4 17. cxd4 Bb5 18. Rfc1 Qd7 19. Bf1 Bxf1 20. Kxf1 Rac8 21. Qf2 Rxc1+ 22. Rxc1 Qa4 23. Qe3 Nc6 24. Qd3 Na7 25. Ng5 Re8 26. g4 h6 27. Nxe6 Re7 28. Qxf5 Rf7 29. Qg6 Qxa3 30. f5 Nc6 31. Bxh6 Ne7 32. Rc8+ Nxc8 33. Bxg7 Qf3+ 34. Ke1 Qe3+ 35. Kf1 Qf3+ 36. Ke1 Qe3+ 37. Kd1 Qd3+ 38. Ke1 Qe3+ 1/2-1/2


[Site "https://www.chess.com"]

[Event "Titled Tuesday Blitz February 14 Late 2023"]
[White "Mazurkiewicz, Michal"]
[Black "ritanovikova"]
[WhiteFideId "1124943"]
[WhiteElo "2145"]
[BlackElo "2189"]
[Result "1-0"]
[Round "04"]
[TimeControl "180+2"]
[Date "2023.02.14"]
[WhiteClock "0:01:35"]
[BlackClock "0:00:45"]

1. e4 e5 2. Nf3 Nf6 3. d3 Nc6 4. g3 d5 5. exd5 Nxd5 6. Bg2 Be7 7. O-O O-O 8. Re1 Bf6 9. Nbd2 g6 10. Nc4 Re8 11. a4 a5 12. c3 Bg7 13. Qb3 Rb8 14. Ncxe5 Bxe5 15. Nxe5 Rxe5 16. Rxe5 Nxe5 17. Bxd5 c6 18. Bf4 cxd5 19. Bxe5 Ra8 20. Re1 Ra6 21. Qb5 Re6 22. Re3 f6 23. Bd4 Rxe3 24. Bxe3 Bg4 25. Qxb7 Bf3 26. Bh6 1-0


[Site "https://www.chess.com"]